 Dungeon Crawl Stone Soup version 0.29-a0-359-g541a27f54d (webtiles) character file.

Game seed: 8551266166449221315

16 KennySheep the Magician (level 2, 0/22 HPs)
             Began as a Djinni Fire Elementalist on Apr 27, 2022.
             Slain by a hobgoblin (2 damage)
             ... on level 1 of the Dungeon.
             The game lasted 00:02:52 (1023 turns).

KennySheep the Magician (Djinni Fire Elementalist)  Turns: 1023, Time: 00:02:53

Health: 0/22       AC:  2    Str:  7    XL:     2   Next: 75%
Gold:   12         EV: 12    Int: 16    God:
                   SH:  0    Dex: 13

rFire   + + .      SeeInvis .   c - staff of cold
rCold   . . .      Faith    .   (no shield)
rNeg    . . .      Spirit   .   a - +0 robe
rPois   ∞          Reflect  .   (no helmet)
rElec   .          Harm     .   (no cloak)
rCorr   .          Rampage  .   (no gloves)
Will    .....                   (boots unavailable)
Stlth   ++........              (no amulet)
HPRegen 0.07/turn               (no ring)
MPRegen 0.00/turn               (no ring)

@: flying
A: sickness immunity, fire resistance 2, cold vulnerability 1, float, innate
caster, HP casting, extra vitality 1
a: no special abilities


You were on level 1 of the Dungeon.
You visited 1 branch of the dungeon, and saw 1 of its levels.

You collected 12 gold pieces.

Inventory:

Armour
 a - a +0 robe (worn)
Magical Staves
 c - a staff of cold (weapon)
Scrolls
 e - a scroll of magic mapping {unknown}
Potions
 b - a potion of invisibility {unknown}
 d - a potion of ambrosia {unknown}


   Skills:
 + Level 0.6 Fighting
 * Level 1.0 Staves
 - Level 0.6 Armour
 - Level 2.4 Dodging
 + Level 1.7 Stealth
 + Level 2.4 Spellcasting


You couldn't memorise any spells.
You knew the following spells:

 Your Spells              Type           Power      Damage    Failure   Level
a - Foxfire               Conj/Fire      36%        2x1d5     8%          1
b - Scorch                Fire           18%        2d5       11%         2
c - Conjure Flame         Conj/Fire      9%         6-21      22%         3
d - Inner Flame           Hex/Fire       9%         N/A       22%         3
e - Flame Wave            Conj/Fire      9%         2d5       58%         4
Your spell library was empty.

Dungeon Overview and Level Annotations

Branches:
Dungeon (1/15)

Altars:


Innate Abilities, Weirdness & Mutations

You are immune to sickness and miasma.
You are immune to poison.
Your flesh is very heat resistant. (rF++)
You are vulnerable to cold. (rC-)
You float through the air rather than walking.
You learn spells naturally, not from books.
Your magical power is your life essence.
You have superior vitality. (+4 MHP)


Message History

The hobgoblin is moderately wounded.
The hobgoblin closely misses you.
You hit the hobgoblin.
The hobgoblin is severely wounded.
The hobgoblin hits you. x2
You hit the hobgoblin but do no damage.
The hobgoblin is severely wounded.
The hobgoblin closely misses you.
You hit the hobgoblin but do no damage.
The hobgoblin is severely wounded.
The hobgoblin hits you.
You closely miss the hobgoblin.
The hobgoblin is severely wounded.
The hobgoblin closely misses you.
You hit the hobgoblin but do no damage.
The hobgoblin is severely wounded.
The hobgoblin hits you but does no damage.
You hit the hobgoblin but do no damage.
The hobgoblin is severely wounded.
The hobgoblin closely misses you.
You closely miss the hobgoblin.
The hobgoblin is severely wounded.
The hobgoblin barely misses you.
Cast which spell? (? or * to list)
Okay, then.
Cast which spell? (? or * to list)
Okay, then.
You hit the hobgoblin.
The hobgoblin is almost dead.
A frilled lizard comes into view.
The hobgoblin hits you.
* * * LOW HITPOINT WARNING * * *
The hobgoblin closely misses you. The hobgoblin attacks as you move away!
The hobgoblin hits you.
* * * LOW HITPOINT WARNING * * *
The hobgoblin attacks as you move away! The hobgoblin misses you.
The hobgoblin attacks as you move away! The hobgoblin hits you.
* * * LOW HITPOINT WARNING * * *
The hobgoblin attacks as you move away! The hobgoblin hits you.
You die...

##.# #......###..>....#
...# #.......hhh........
#######.....#######..####
..#........hh..h# ..#
#.#.#####.#####.# ...
##.....##.# #h# .###
#.#.......# #h# #
..#..†....# ##g##
..#.##.#.## ##..@##
.##.##....###.###.###
.##.####......# #...#
.##†####..###.###.#.###
.##..........#........#
.#####.......##.......#
.# #.......##..##.#.# .#
#.......##>.#..#.# .###
#.......##..#.##.#


You could see 3 jackals and a hobgoblin.

Vanquished Creatures
  A dart slug (D:1)
  An endoplasm (D:1)
  3 goblins (D:1)
  A hobgoblin (D:1)
  2 jackals (D:1)
  A quokka (D:1)
  2 bats (D:1)
  A rat (D:1)
12 creatures vanquished.

Notes
Turn   | Place    | Note
-------+----------+-------------------------------------------
     0 | D:1      | KennySheep the Djinni Fire Elementalist began the quest for
                  | the Orb.
     0 | D:1      | Reached XP level 1. HP: 15/15 MP: 0/0
   240 | D:1      | Reached XP level 2. HP: 5/21 MP: 0/0
   949 | D:1      | Reached skill level 1 in Staves
  1023 | D:1      | Slain by a hobgoblin

Illustrated notes

Levels and vault maps discovered:
D:1:      dpeg_arrival_triangle_fractal, layout_loops_cross,
          dreamdust_wishing_well, minmay_tromino_i2

Skill      XL: |  1  2 |
---------------+-------+-----
Staves         | 1 |  1.0
Fighting       | |  0.6
Armour         | |  0.6
Dodging        | |  2.4
Stealth        | |  1.7
Spellcasting   | |  2.4

Action                   || total
-------------------------++-------
Melee: Staff             ||    91
       Punch             ||     1
 Stab: Sleeping          ||     3
Armor: Robe              ||    20
Dodge: Dodged            ||    70

Table legend: (Time is in decaauts)
 A = Elapsed time spent in this place.
 B = Non-inter-level travel time spent in this place.
 C = Inter-level travel time spent in this place.
 D = Time resting spent in this place.
 E = Time spent auto-exploring this place.
 F = Levels seen in this place.
 G = Mean time per level.
                   A        B        C        D        E       F      G
               +--------+--------+--------+--------+--------+-----+--------+
         Total |   1038 |   1029 |      9 |    495 |    348 |   1 | 1038.0 |
       Dungeon |   1038 |   1029 |      9 |    495 |    348 |   1 | 1038.0 |
               +--------+--------+--------+--------+--------+-----+--------+

Top non-repeatable levels by time:
     D:1: 1038 daAuts
